 Dungeon Crawl Stone Soup version 0.31-a0-221-gbddc013574 (webtiles) character file.

Game seed: 3918871456549819501

1789 qw the Skirmisher (level 8, -1/71 HPs)
             Began as a Minotaur Hexslinger on July 4, 2023.
             Was an Initiate of Okawaru.
             Slain by an orc warrior
             ... wielding a +0 trident
              (7 damage)
             ... on level 7 of the Dungeon.
             The game lasted 00:02:24 (5012 turns).

qw the Skirmisher (Minotaur Hexslinger)             Turns: 5012, Time: 00:02:24

Health: -1/71      AC: 17    Str: 12    XL:     8   Next: 82%
Magic:  8/8        EV: 12    Int: 10    God:    Okawaru [......]
Gold:   360        SH:  5    Dex: 16    Spells: 8/9 levels left

rFire   + . .        Y - +0 shortbow
rCold   . . .        (shield currently unavailable)
rNeg    . . .        c - +4 ring mail {rF+}
rPois   .            (helmet restricted)
rElec   .            e - +0 cloak
rCorr   .            l - +1 pair of gloves
SInv    .            (no boots)
Will    .....        f - amulet of reflection
Stlth   +            m - +4 ring of protection
HPRegen 0.31/turn    (no ring)
MPRegen 0.11/turn

%: reflection
@: about to teleport, slowed, very slow
A: horns 2, retaliatory headbutt
a: Renounce Religion


You were on level 7 of the Dungeon.
You worshipped Okawaru.
Okawaru was noncommittal.
You visited 2 branches of the dungeon, and saw 8 of its levels.

You collected 360 gold pieces.


Innate Abilities, Weirdness & Mutations

You have a pair of horns on your head.
You reflexively headbutt those who attack you in melee.


   Skills:
 + Level 6.4 Fighting
 - Level 10.1 Ranged Weapons
 - Level 4.2 Armour
 - Level 3.5 Dodging
 - Level 1.0 Spellcasting
 - Level 2.0 Hexes


You had 8 spell levels left.
You knew the following spells:

 Your Spells              Type           Power      Damage    Failure   Level
a - Slow                  Hex            16%        N/A       32%         1

Your spell library contained the following spells:

 Spells                   Type           Power      Damage    Failure   Level
 Inner Flame              Hex/Fire       2%         N/A       82%         3
 Portal Projectile        Hex/Tloc       4%         N/A       82%         3
 Cause Fear               Hex            2%         N/A       97%         4

Inventory:

Hand Weapons
 Y - a +0 shortbow (weapon)
Armour
 c - a +4 ring mail of fire resistance (worn)
 e - a +0 cloak (worn)
 l - a +1 pair of gloves (worn)
Jewellery
 f - an amulet of reflection (around neck)
 j - a ring of fire
 m - a +4 ring of protection (left hand)
Scrolls
 a - 2 scrolls of teleportation
 g - a scroll of brand weapon {unknown}
 k - 3 scrolls of identify
Potions
 b - a potion of cancellation
 d - a potion of mutation
 h - 2 potions of might
 n - 2 potions of curing

Dungeon Overview and Level Annotations

Branches:
Dungeon (7/15)             Temple (1/1) D:5

Altars:
Ashenzari
Gozag
Hepliaklqana
Makhleb
Okawaru
Yredelemnul
Zin


Message History

The gnoll misses you. The gnoll hits you but does no damage.
The gnoll bouda misses you. You furiously retaliate!
You headbutt the gnoll bouda, but do no damage.
You block the orc warrior's attack. You block the sky beast's attack.
The wraith hits you! The wraith drains your vigour!
You feel as though you will be slow longer.
The gnoll barely misses you.
You shoot an arrow. The arrow hits the gnoll bouda.
The gnoll bouda is almost dead.
The gnoll closely misses you.
The orc warrior hits you from afar with a +0 trident.
The gnoll bouda utters an invocation to its god.
The gnoll bouda is healed somewhat.
The sky beast hits you but does no damage.
The wraith barely misses you.
The gnoll hits you from afar with a +0 spear.
The gnoll hits you with a +0 club. You block the wraith's attack.
The orc warrior misses you.
The sky beast hits you but does no damage.
The gnoll bouda barely misses you.
5011 ||| READING 3 scrolls of teleportation.
As you read the scroll of teleportation, it crumbles to dust.
You feel strangely unstable. The gnoll misses you.
The gnoll completely misses you. You furiously retaliate!
You headbutt the gnoll.
The gnoll bouda hits you with a +0 club.
You block the sky beast's attack. The orc warrior closely misses you.
The wraith closely misses you. You furiously retaliate!
You headbutt the wraith! The gnoll barely misses you.
You shoot an arrow. The arrow hits the gnoll bouda.
The gnoll bouda is almost dead.
You block the gnoll's attack. You block the gnoll bouda's attack.
The orc warrior barely misses you.
The sky beast hits you but does no damage.
You block the wraith's attack. The gnoll misses you.
The gnoll hits you with a +0 club. The wraith hits you.
The wraith drains your vigour!
You feel as though you will be slow longer.
The orc warrior hits you from afar with a +0 trident!
You die...

..##.###..##
..##..<....##
#.######.##.# #.#
#.......# #.#
####..### ## ..#
####..## #. ##....
#......#########. #.
# .
..#.##...##gY......
).. .
.....(....@go.....
....
#.####.##.Wg..... .
.. #..........#####.
. ####.#.###.# #.
#.#.## .### #.
#.#..# ... #.
###########.##.##.#.
##
..#.......#.......##
#.#.#####.####.####


You could see a wraith, an orc warrior, a sky beast, a gnoll bouda and 2 gnolls.

Vanquished Creatures
  A wraith (D:6)
  A steam dragon (D:5)
  A water moccasin (D:6)
  An orc warrior (D:5)
  2 black bears
  An ogre (D:5)
  2 centaurs
  A bullfrog (D:7)
  A scorpion (D:4)
  A howler monkey (D:5)
  6 hounds
  2 orc priests (D:5)
  A jelly (D:5)
  5 iguanas
  2 orc wizards
  A sleepcap (D:7)
  Terence (D:3)
  5 gnolls
  5 adders
  3 white imps
  An ufetubus (D:7)
  A worm (D:2)
  2 dart slugs
  22 orcs
  7 bats
  6 endoplasms
  4 giant cockroaches
  5 goblins
  6 hobgoblins
  4 jackals
  4 quokkas
  7 ball pythons
  3 frilled lizards (D:1)
  3 kobolds
  4 rats
  A spectral orc (D:4)
123 creatures vanquished.

Vanquished Creatures (others)
  A jelly (D:5)
1 creature vanquished.

Grand Total: 124 creatures vanquished

Notes
Turn   | Place    | Note
-------+----------+-------------------------------------------
     0 | D:1      | qw the Minotaur Hexslinger began the quest for the Orb.
     0 | D:1      | Reached XP level 1. HP: 16/16 MP: 1/1
     0 | D:1      | 0 ||| qw: Version: 0.3-a-40-ge99b1a8
     0 | D:1      | 0 ||| qw: Game counter: 674
     0 | D:1      | 0 ||| qw: Melee chars always use a shield: true
     0 | D:1      | 0 ||| qw: God list: Okawaru
     0 | D:1      | 0 ||| qw: Allow faded altars: false
     0 | D:1      | 0 ||| qw: Do Orc after clearing Dungeon:15 true
     0 | D:1      | 0 ||| qw: Do second Lair branch before Depths: true
     0 | D:1      | 0 ||| qw: Lair rune preference: random
     0 | D:1      | 0 ||| qw: Goals: Normal
     0 | D:1      | 0 ||| PLANNING D:1-11
    76 | D:1      | Reached skill level 3 in Ranged Weapons
    77 | D:1      | Reached XP level 2. HP: 8/23 MP: 2/2
   404 | D:1      | Found a faded altar of an unknown god.
   722 | D:1      | 722 ||| UPGRADING to amulet of reflection.
   727 | D:1      | 727 ||| READING 2 scrolls labelled HAABAMOIZO.
   730 | D:1      | 730 ||| READING scroll labelled WIRIEPPOUSM.
   731 | D:1      | 731 ||| READING scroll labelled ALURUY WOCYPP.
   732 | D:1      | 732 ||| READING scroll labelled PODGHI GOTE.
   775 | D:1      | 775 ||| DROPPING scroll of poison.
   921 | D:2      | Reached XP level 3. HP: 29/29 MP: 3/3
  1209 | D:2      | Reached skill level 4 in Ranged Weapons
  1271 | D:2      | HP: 7/29 [gnoll/+0 halberd (8)]
  1272 | D:2      | 1272 ||| READING 4 scrolls of teleportation.
  1275 | D:2      | Reached XP level 4. HP: 10/36 MP: 4/4
  1314 | D:2      | 1314 ||| FLEEEEING.
  1315 | D:2      | 1315 ||| FLEEEEING.
  1317 | D:2      | 1317 ||| FLEEEEING.
  1318 | D:2      | 1318 ||| FLEEEEING.
  1506 | D:2      | 1506 ||| UPGRADING to +0 leather armour.
  1516 | D:2      | 1516 ||| DROPPING +0 robe.
  1517 | D:2      | 1517 ||| DROPPING amulet of magic regeneration.
  1518 | D:2      | 1518 ||| DROPPING ring of wizardry.
  1519 | D:2      | 1519 ||| UPGRADING to +4 ring of protection.
  1520 | D:2      | 1520 ||| READING scroll labelled ANOYNI JIWNOO.
  1541 | D:3      | 1541 ||| STAIRDANCE
  1548 | D:2      | Reached skill level 5 in Ranged Weapons
  1596 | D:3      | Found a glowing silver altar of Zin.
  1666 | D:3      | Noticed Terence
  1675 | D:3      | Killed Terence
  1773 | D:3      | Reached skill level 3 in Fighting
  1773 | D:3      | Reached XP level 5. HP: 45/45 MP: 5/5
  2046 | D:3      | Found an opulent altar of Gozag.
  2233 | D:3      | 2233 ||| UPGRADING to +4 ring mail of fire resistance.
  2243 | D:3      | 2243 ||| DROPPING +0 leather armour.
  2244 | D:3      | 2244 ||| READING scroll labelled ASIVIAJOYC.
  2299 | D:4      | Reached skill level 6 in Ranged Weapons
  2299 | D:4      | Reached XP level 6. HP: 47/51 MP: 6/6
  2547 | D:4      | Found a broken altar of Ashenzari.
  2745 | D:4      | Found a hazy altar of Hepliaklqana.
  2846 | D:4      | Found a basalt altar of Yredelemnul.
  2854 | D:4      | 2854 ||| UPGRADING to +0 pair of gloves.
  2859 | D:4      | 2859 ||| READING scroll of enchant armour.
  2859 | D:4      | 2859 ||| ENCHANTING +0 pair of gloves.
  2860 | D:4      | 2860 ||| READING scroll labelled GOFATA KAINELA.
  2861 | D:4      | 2861 ||| DRINKING 2 fuming brown potions.
  2862 | D:4      | 2862 ||| READING 3 scrolls of identify.
  2862 | D:4      | 2862 ||| IDENTIFYING fizzy green potion
  2863 | D:4      | 2863 ||| READING 2 scrolls of identify.
  2863 | D:4      | 2863 ||| IDENTIFYING inky potion
  2892 | D:5      | Entered Level 5 of the Dungeon
  2959 | D:5      | Reached skill level 7 in Ranged Weapons
  2959 | D:5      | Reached XP level 7. HP: 32/59 MP: 7/7
  3241 | D:5      | Reached skill level 8 in Ranged Weapons
  3307 | D:5      | 3307 ||| SWAPPING to +0 shortbow.
  3308 | D:5      | 3308 ||| DROPPING +1 sling.
  3501 | D:5      | 3501 ||| Stepping ~*~*~tactically~*~*~ (outnumbered).
  3506 | D:5      | 3506 ||| Stepping ~*~*~tactically~*~*~ (outnumbered).
  3530 | D:5      | 3530 ||| FLEEEEING.
  3531 | D:5      | 3531 ||| FLEEEEING.
  3532 | D:5      | 3532 ||| FLEEEEING.
  3533 | D:5      | 3533 ||| FLEEEEING.
  3534 | D:5      | 3534 ||| FLEEEEING.
  3535 | D:5      | 3535 ||| FLEEEEING.
  3536 | D:5      | 3536 ||| FLEEEEING.
  3537 | D:5      | 3537 ||| FLEEEEING.
  3538 | D:5      | 3538 ||| FLEEEEING.
  3539 | D:5      | 3539 ||| FLEEEEING.
  3540 | D:5      | 3540 ||| FLEEEEING.
  3541 | D:5      | 3541 ||| FLEEEEING.
  3542 | D:5      | 3542 ||| FLEEEEING.
  3543 | D:5      | 3543 ||| FLEEEEING.
  3544 | D:5      | 3544 ||| FLEEEEING.
  3545 | D:5      | 3545 ||| FLEEEEING.
  3546 | D:5      | 3546 ||| FLEEEEING.
  3547 | D:5      | 3547 ||| FLEEEEING.
  3548 | D:5      | 3548 ||| FLEEEEING.
  3549 | D:5      | 3549 ||| FLEEEEING.
  3550 | D:5      | 3550 ||| FLEEEEING.
  3551 | D:5      | 3551 ||| FLEEEEING.
  3552 | D:5      | 3552 ||| FLEEEEING.
  3553 | D:5      | 3553 ||| FLEEEEING.
  3554 | D:5      | 3554 ||| FLEEEEING.
  3555 | D:5      | 3555 ||| FLEEEEING.
  3556 | D:5      | 3556 ||| FLEEEEING.
  3557 | D:5      | 3557 ||| FLEEEEING.
  3558 | D:5      | 3558 ||| FLEEEEING.
  3559 | D:5      | 3559 ||| FLEEEEING.
  3560 | D:5      | 3560 ||| STAIRDANCE
  3604 | D:4      | 3604 ||| READING scroll labelled NYSUCE MEULUTT.
  3605 | D:4      | 3605 ||| READING scroll labelled MUXAYN VEUNTI.
  3606 | D:4      | 3606 ||| DRINKING 2 sapphire potions.
  3607 | D:4      | 3607 ||| DRINKING 2 amethyst potions.
  3608 | D:4      | 3608 ||| READING 4 scrolls of identify.
  3608 | D:4      | 3608 ||| IDENTIFYING yellow potion
  3609 | D:4      | 3609 ||| READING 3 scrolls of identify.
  3609 | D:4      | 3609 ||| IDENTIFYING clear potion
  3610 | D:4      | 3610 ||| READING 2 scrolls of identify.
  3610 | D:4      | 3610 ||| IDENTIFYING puce potion
  3611 | D:4      | 3611 ||| DROPPING potion of lignification.
  3612 | D:4      | 3612 ||| DROPPING potion of brilliance.
  3613 | D:4      | 3613 ||| DROPPING potion of ambrosia.
  3652 | D:5      | Found a staircase to the Ecumenical Temple.
  3653 | D:5      | 3653 ||| PLANNING TEMPLE
  3661 | Temple   | Entered the Ecumenical Temple
  3662 | Temple   | 3662 ||| PLANNING D:1-11
  3716 | D:6      | 3716 ||| STAIRDANCE
  3792 | D:6      | Noticed a steam dragon
  3801 | D:6      | 3801 ||| STAIRDANCE
  3810 | D:5      | Killed a steam dragon
  3811 | D:5      | Reached XP level 8. HP: 46/69 MP: 8/8
  3889 | D:6      | 3889 ||| STAIRDANCE
  3893 | D:5      | Reached skill level 9 in Ranged Weapons
  3975 | D:6      | Reached skill level 3 in Dodging
  4111 | D:6      | Reached skill level 6 in Fighting
  4121 | D:6      | Found an iron altar of Okawaru.
  4122 | D:6      | 4122 ||| PLANNING OKAWARU WORSHIP
  4122 | D:6      | 4122 ||| DROPPING amulet of regeneration.
  4123 | D:6      | 4123 ||| DROPPING amulet of guardian spirit.
  4131 | D:6      | Became a worshipper of Warmaster Okawaru
  4132 | D:6      | 4132 ||| PLANNING D:1-11
  4345 | D:6      | 4345 ||| READING scroll labelled CYMUIM XYOXKA.
  4357 | D:7      | 4357 ||| STAIRDANCE
  4382 | D:7      | 4382 ||| STAIRDANCE
  4413 | D:7      | 4413 ||| STAIRDANCE
  4466 | D:7      | 4466 ||| STAIRDANCE
  4572 | D:7      | HP: 13/70 [scorpion (5)]
  4573 | D:7      | 4573 ||| READING 4 scrolls of teleportation.
  4574 | D:7      | 4574 ||| DRINKING potion of heal wounds.
  4745 | D:7      | Reached skill level 10 in Ranged Weapons
  4746 | D:7      | 4746 ||| FLEEEEING.
  4747 | D:7      | 4747 ||| FLEEEEING.
  4748 | D:7      | 4748 ||| FLEEEEING.
  4750 | D:7      | 4750 ||| FLEEEEING.
  4751 | D:7      | 4751 ||| STAIRDANCE
  4774 | D:6      | 4774 ||| UPGRADING to +0 cloak.
  4781 | D:7      | 4781 ||| STAIRDANCE
  5010 | D:7      | HP: 17/71 [orc warrior/+0 trident (5)]
  5011 | D:7      | 5011 ||| READING 3 scrolls of teleportation.
  5012 | D:7      | HP: 6/71 [wraith (3)]
  5012 | D:7      | Slain by an orc warrior

Levels and vault maps discovered:
D:1:      tarquinn_simple_flora_water_b, layout_loops_ring,
          chequers_ecumenical_altar_simple, chequers_serial_rivers_micro_d
D:2:      layout_rooms, uniq_crazy_yiuf_cottage
D:3:      layout_loops_ring, zin_academy, nicolae_gozag_seed_capital,
          grunt_ministairs_7, uniq_terence
D:4:      layout_rooms, kennysheep_mini, yredelemnul_forgotten_temple_becter,
          amcnicky_altar_gilded
D:5:      layout_rooms, minmay_temple_entry_statues_pillars,
          kennysheep_generic_room_2
D:6:      layout_rooms, mainiacjoe_overflow_tiny_flanked
D:7:      layout_loops_cross, kennysheep_little_box, old_standard_altar,
          gammafunk_temple_overflow_wave, minmay_starry_boxes, uniq_joseph
Temple:   ebering_the_one_and_only

Skill      XL: |  1  2  3  4  5  6  7  8 |
---------------+-------------------------+-----
Ranged Weapons | 3 4 5 6 7 8 10 | 10.1
Fighting       | 2 3 4 5 6 |  6.4
Armour         | 2 4 |  4.2
Dodging        | 3 |  3.5
Spellcasting   | |  1.0
Hexes          | |  2.0

Action                     |  1- 3 |  4- 6 |  7- 9 || total
---------------------------+-------+-------+-------++-------
   Fire: Sling             |   106 |   167 |    44 ||   317
         Shortbow          |       |       |   238 ||   238
    Use: Scroll            |     5 |     6 |     8 ||    19
         Potion            |       |     1 |     3 ||     4
 Armour: Robe              |     9 |     1 |       ||    10
         Leather armour    |       |     5 |       ||     5
         Ring mail         |       |    31 |   145 ||   176
  Dodge: Dodged            |    23 |    51 |   177 ||   251
  Block: Other             |     3 |    22 |    75 ||   100
         Reflection        |       |       |     3 ||     3

Table legend:
 A = Non-vault XP
 B = Vault XP
 C = Vault XP percentage of total XP
 D = Non-vault monster count
 E = Vault monster count
 F = Vault count percentage of total count
                 A         B        C        D         E       F
            +---------+---------+-------+---------+---------+-------
      Total |    2346 |     211 |   8.3 |     118 |       6 |   4.8
            +---------+---------+-------+---------+---------+-------
        D:1 |      30 |       0 |   0.0 |      18 |       0 |   0.0
        D:2 |     124 |       0 |   0.0 |      24 |       0 |   0.0
        D:3 |      56 |      32 |  36.4 |      11 |       1 |   8.3
        D:4 |     277 |       1 |   0.4 |      19 |       1 |   5.0
        D:5 |     938 |      93 |   9.0 |      24 |       3 |  11.1
        D:6 |     544 |       0 |   0.0 |      10 |       0 |   0.0
        D:7 |     377 |      85 |  18.4 |      12 |       1 |   7.7
            +---------+---------+-------+---------+---------+-------
